 Dungeon Crawl Stone Soup version 0.25-a0-663-gace7076f2c (webtiles) character file.

Game seed: 1228140516513756014, levelgen mode: deterministic

37 Wolly the Shield-Bearer (level 3, 0/23 HPs)
             Began as a Gargoyle Fighter on Mar 25, 2020.
             Slain by an ogre
             ... wielding a +0 giant club
              (9 damage)
             ... on level 2 of the Dungeon.
             The game lasted 00:02:14 (760 turns).

Wolly the Shield-Bearer (Gargoyle Fighter)           Turns: 760, Time: 00:02:15

Health: 0/23       AC: 10    Str: 20    XL:     3   Next: 41%
Magic:  3/3        EV:  7    Int:  8    God:
Gold:   64         SH:  9    Dex:  9    Spells: 2/2 levels left

rFire    . . .     SeeInvis .   a - +0 flail
rCold    . . .     Gourm    .   c - +0 kite shield
rNeg     + . .     Faith    .   b - +0 scale mail
rPois    ∞         Spirit   .   (no helmet)
rElec    +         Reflect  .   (no cloak)
rCorr    .         Harm     .   (no gloves)
MR       .....                  (no boots)
Stlth    ..........             (no amulet)
HPRegen  0.07/turn              (no ring)
MPRegen  0.08/turn              (no ring)

@: no status effects
A: negative energy resistance 1, electricity resistance, unbreathing,
petrification resistance, rot immunity, AC +3
a: no special abilities


You were on level 2 of the Dungeon.
You were not hungry.

You visited 1 branch of the dungeon, and saw 2 of its levels.

You collected 64 gold pieces.

Inventory:

Hand Weapons
 a - a +0 flail (weapon)
Armour
 b - a +0 scale mail (worn)
 c - a +0 kite shield (worn)
Scrolls
 g - 2 scrolls of identify {unknown}
 h - 2 scrolls of fear {unknown}
Potions
 d - a potion of might
Comestibles
 e - 4 rations {!d}


   Skills:
 - Level 3.2 Fighting
 * Level 3.2 Maces & Flails
 - Level 3.2 Armour
 + Level 3.8 Shields


You had 2 spell levels left.
You didn't know any spells.
Your spell library was empty.

Dungeon Overview and Level Annotations

Branches:
Dungeon (2/15)

Altars:
Gozag


Innate Abilities, Weirdness & Mutations

You are resistant to torment.
Your stone body is resilient. (AC +3)
You are immune to poison.
You resist negative energy. (rN+)
You are resistant to electric shocks. (rElec)
You can survive without breathing.
You are immune to petrification.
You are immune to rotting.


Message History

You now have 50 gold pieces (gained 1).
You now have 64 gold pieces (gained 14).
You open the door.
There is an open door here.
A giant cockroach comes into view.
Found a scroll labeled AGHYDOU QYEM.
Your shield and scale mail prevent you from hitting the giant cockroach.
You block the giant cockroach's attack.
You closely miss the giant cockroach. The giant cockroach barely misses you.
You block the giant cockroach's attack.
You closely miss the giant cockroach. The giant cockroach barely misses you.
The giant cockroach bites you but does no damage.
You closely miss the giant cockroach.
The giant cockroach bites you but does no damage. x2
You closely miss the giant cockroach. You block the giant cockroach's attack.
You hit the giant cockroach.
You kill the giant cockroach!
No target in view!
h - 2 scrolls labeled AGHYDOU QYEM (gained 1)
You open the door.
There is an open door here.
Found a stone staircase leading down.
You open the door.
There is an open door here.
There is a stone staircase leading down here.
A frilled lizard comes into view.
The frilled lizard hisses angrily.
A frilled lizard is nearby!
You block the frilled lizard's attack.
You barely miss the frilled lizard.
The frilled lizard bites you but does no damage.
The frilled lizard completely misses you.
You hit the frilled lizard.
You kill the frilled lizard!
No target in view!
No target in view!
Found a stone staircase leading down.
As you open the door, it creaks loudly!
There is an open door here.
You open the door.
There is an open door here.
An ogre comes into view. It is wielding a +0 giant club.
The ogre shouts!
All of the chunks of flesh in your inventory have rotted away.
The ogre hits you with a +0 giant club!
Ouch! That really hurt!
* * * LOW HITPOINT WARNING * * *
You hit the ogre. You block the ogre's attack.
You hit the ogre. The ogre hits you with a +0 giant club!
You die...

#.#
#.....#
#.#
#.....#
#.#
#.....#
#.#
#######
#.# #.#
#.# #.#
#@# #O#
#.# #.#
#.# #.#
#.# #.#


You could see an ogre.

Vanquished Creatures
  2 dart slugs
  2 leopard geckos (D:1)
  7 bats
  3 giant cockroaches
  A goblin (D:1)
  3 hobgoblins (D:1)
  2 frilled lizards
  6 kobolds
  6 rats
32 creatures vanquished.

Notes
Turn   | Place    | Note
-------+----------+-------------------------------------------
     0 | D:1      | Wolly the Gargoyle Fighter began the quest for the Orb.
     0 | D:1      | Reached XP level 1. HP: 14/14 MP: 1/1
   173 | D:1      | Reached XP level 2. HP: 19/19 MP: 2/2
   293 | D:1      | Reached XP level 3. HP: 23/23 MP: 3/3
   579 | D:2      | Found an opulent altar of Gozag.
   755 | D:2      | Noticed an ogre
   760 | D:2      | Slain by an ogre

Levels and vault maps discovered:
D:1:      dpeg_arrival_boxes_within_box, layout_rooms, st_stairs_12
D:2:      layout_basic, lemuel_doored_altar, nicolae_gozag_seed_capital

Skill      XL: |  1  2 |
---------------+-------+-----
Maces & Flails | 3 |  3.2
Fighting       | |  3.2
Armour         | |  3.2
Shields        | |  3.8

Action                   || total
-------------------------++-------
Melee: Flail             ||    97
Armor: Scale mail        ||    81
Dodge: Dodged            ||    43
Block: Kite shield       ||    84

Table legend:
 A = Non-vault XP
 B = Vault XP
 C = Vault XP percentage of total XP
 D = Non-vault monster count
 E = Vault monster count
 F = Vault count percentage of total count
                 A         B        C        D         E       F
            +---------+---------+-------+---------+---------+-------
      Total |      51 |       3 |   5.6 |      31 |       1 |   3.1
            +---------+---------+-------+---------+---------+-------
        D:1 |      39 |       3 |   7.1 |      24 |       1 |   4.0
        D:2 |      12 |       0 |   0.0 |       7 |       0 |   0.0
            +---------+---------+-------+---------+---------+-------
